[Event "Titled Tuesday Blitz August 08 Late 2023"]
[White "Andrews, Todd"]
[Black "Troff, Kayden"]
[WhiteFideId "2012456"]
[BlackFideId "2047896"]
[WhiteElo "2381"]
[BlackElo "2782"]
[Result "0-1"]
[Round "6"]
[TimeControl "180+1"]
[Date "2023.08.08"]
[WhiteClock "0:00:12"]
[BlackClock "0:00:22"]
[Board "76"]

1. e4 c5 2. Nf3 g6 3. d3 Bg7 4. g3 Nc6 5. Bg2 d6 6. O-O e5 7. Nc3 Nge7 8. Nd2 O-O 9. Nc4 Rb8 10. a4 b6 11. Nd5 a6 12. c3 b5 13. axb5 axb5 14. Nce3 Be6 15. f4 f5 16. Bd2 Qd7 17. Ra6 Bxd5 18. Nxd5 Nxd5 19. exd5 Nd8 20. fxe5 Bxe5 21. Bh6 Re8 22. Qf3 Nf7 23. Bd2 b4 24. Rfa1 bxc3 25. bxc3 Rb2 26. Be1 Reb8 27. Ra7 R8b7 28. Ra8+ Kg7 29. h4 h5 30. Qe3 Rc2 31. d4 cxd4 32. cxd4 Bf6 33. Rc1 Rxc1 34. Qxc1 Bxd4+ 35. Kh2 Be5 36. Bc3 Rc7 37. Bxe5+ Nxe5 38. Qg5 Qe7 39. Qxe7+ Rxe7 40. Rd8 Nf7 41. Rc8 Kf6 42. Kg1 Re3 43. Kf2 Ra3 44. Rg8 Ra2+ 45. Kf1 Ne5 46. Rd8 Nc4 47. Bf3 Ra3 48. Be2 Ne3+ 49. Kf2 Ke5 50. Rg8 Ra2 51. Kf3 Nc2 52. Rxg6 Nd4+ 53. Ke3 Rxe2+ 54. Kd3 Kxd5 55. Rg5 Rb2 56. Rxh5 Rb3+ 57. Kd2 Rxg3 58. Rh6 Rh3 59. h5 f4 60. Ke1 Ke4 61. Kf2 Rh2+ 62. Kg1 Nf3+ 63. Kf1 Nd2+ 64. Kg1 Nf3+ 65. Kf1 d5 66. Re6+ Ne5 67. h6 f3 68. Kg1 Rh5 69. Kf2 d4 70. Kg3 d3 71. Rd6 Ke3 72. Rd5 d2 73. h7 Ke4 74. Rxd2 Rxh7 75. Rg2 fxg2 76. Kxg2 Rf7 77. Kg3 Rf3+ 78. Kg2 Kf4 79. Kh2 Kg4 80. Kg2 Nd3 81. Kh2 Rf2+ 82. Kg1 Kg3 83. Kh1 Rf1# 0-1


[Site "https://www.chess.com"]

[Event "Titled Tuesday Blitz August 08 Late 2023"]
[White "Sreyas Payyappat"]
[Black "Adewumi, Tanitoluwa"]
[WhiteFideId "46674969"]
[BlackFideId "30966396"]
[WhiteElo "2508"]
[BlackElo "2763"]
[Result "1-0"]
[Round "6"]
[TimeControl "180+1"]
[Date "2023.08.08"]
[WhiteClock "0:00:55"]
[BlackClock "0:00:00"]
[Board "77"]

1. e4 c5 2. Nf3 e6 3. d4 cxd4 4. Nxd4 Nc6 5. Nc3 Qc7 6. Be3 a6 7. Be2 Nf6 8. O-O Be7 9. f4 d6 10. Bf3 Nxd4 11. Qxd4 e5 12. Qd2 exf4 13. Bxf4 Be6 14. Kh1 O-O 15. Rad1 Rfd8 16. Qf2 Rac8 17. Rd2 b5 18. Rfd1 b4 19. Ne2 Qc4 20. Nd4 d5 21. b3 Qc5 22. e5 Ne4 23. Bxe4 dxe4 24. Qe3 Qc3 25. Qxe4 Bd5 26. Qe2 h6 27. Nf5 Bc5 28. Rxd5 1-0


[Site "https://www.chess.com"]

[Event "Titled Tuesday Blitz August 08 Late 2023"]
[White "D`Arruda, Ricardo D."]
[Black "Miladinovic, Igor"]
[WhiteFideId "100692"]
[BlackFideId "4203380"]
[WhiteElo "2507"]
[BlackElo "2761"]
[Result "0-1"]
[Round "6"]
[TimeControl "180+1"]
[Date "2023.08.08"]
[WhiteClock "0:00:09"]
[BlackClock "0:00:16"]
[Board "78"]

1. Nf3 d5 2. d4 Bf5 3. c4 e6 4. e3 Nc6 5. Bd3 dxc4 6. Bxf5 exf5 7. O-O Nf6 8. Qc2 g6 9. Qxc4 Bd6 10. b3 O-O 11. Ba3 Ne4 12. Bxd6 Nxd6 13. Qc2 Qf6 14. Nc3 Rfe8 15. g3 Nb4 16. Qd2 c6 17. Rac1 a5 18. Ne5 Ne4 19. Qe2 Nxc3 20. Rxc3 Qe6 21. Qc4 Nd5 22. Rc2 Kg7 23. a3 h5 24. h4 f6 25. Nd3 g5 26. Nc5 Qf7 27. Qd3 b6 28. Na4 gxh4 29. Qxf5 hxg3 30. e4 Ne7 31. Qf3 Kh7 32. fxg3 Rg8 33. Rh2 Rg5 34. Kh1 Rag8 35. Nxb6 f5 36. Nd7 Qe6 37. Rxh5+ Rxh5+ 38. Qxh5+ Kg7 39. Qg5+ Kf7 40. Ne5+ Ke8 41. Qh5+ Kd8 42. Qf7 Qh6+ 43. Kg2 Qg5 44. Rf3 fxe4 45. Rc3 Qd2+ 46. Qf2 Qxc3 47. Nf7+ Kd7 0-1


[Site "https://www.chess.com"]

[Event "Titled Tuesday Blitz August 08 Late 2023"]
[White "Aradhya, Garg"]
[Black "ATM622"]
[WhiteFideId "25006746"]
[WhiteElo "2736"]
[BlackElo "2506"]
[Result "1/2-1/2"]
[Round "6"]
[TimeControl "180+1"]
[Date "2023.08.08"]
[WhiteClock "0:00:24"]
[BlackClock "0:00:06"]
[Board "79"]

1. d4 Nf6 2. c4 e6 3. Nc3 Bb4 4. e3 O-O 5. Bd3 b6 6. Nf3 Bb7 7. O-O c5 8. Na4 cxd4 9. exd4 Be7 10. Nc3 Bb4 11. Bg5 Bxc3 12. bxc3 h6 13. Bh4 d6 14. Nd2 Nbd7 15. Ne4 g5 16. Nxf6+ Nxf6 17. Bg3 Ne4 18. Qe2 Nxg3 19. fxg3 Kg7 20. Rf2 Qe7 21. Raf1 Rae8 22. h4 f5 23. h5 g4 24. d5 exd5 25. Qxe7+ Rxe7 26. cxd5 Re3 27. Bxf5 Rxg3 28. Be6 Rxf2 29. Rxf2 Ba6 30. Rf7+ Kh8 31. Rxa7 Bc4 32. a4 Rxc3 33. Bxg4 Bxd5 34. Kh2 Rc4 35. Kg3 Bxg2 36. Bf5 Be4 37. Be6 Rc3+ 38. Kf4 Bb1 39. Rb7 Ra3 40. Rxb6 Rxa4+ 41. Kg3 Ra3+ 42. Kf2 Ba2 43. Rxd6 Bxe6 44. Rxe6 Ra5 45. Rxh6+ Kg7 46. Rg6+ Kh7 47. Rf6 Rxh5 48. Kg3 Kg7 49. Ra6 Rg5+ 50. Kf4 Rb5 51. Re6 Kf7 52. Re2 Kf6 53. Rc2 Rb4+ 54. Ke3 Ke5 55. Rc5+ Kd6 56. Rh5 Ra4 57. Kd3 Rb4 58. Kc3 Ra4 59. Rg5 Rh4 60. Rg6+ Ke5 61. Rg1 Kf4 62. Kd4 Kf5+ 63. Ke3 Rh3+ 64. Kf2 Rh2+ 65. Kg3 Ra2 66. Rf1+ Ke4 67. Rf4+ Ke5 68. Rf2 Rxf2 69. Kxf2 1/2-1/2


[Site "https://www.chess.com"]

[Event "Titled Tuesday Blitz August 08 Late 2023"]
[White "Koc, Przemyslaw"]
[Black "Annaberdiyev, Meylis"]
[WhiteFideId "1109081"]
[BlackFideId "14000563"]
[WhiteElo "2505"]
[BlackElo "2676"]
[Result "0-1"]
[Round "6"]
[TimeControl "180+1"]
[Date "2023.08.08"]
[WhiteClock "0:01:12"]
[BlackClock "0:02:07"]
[Board "80"]

1. Nf3 d5 2. g3 c6 3. Bg2 Bg4 4. O-O Nd7 5. d4 Ngf6 6. c4 e6 7. Qb3 Qb6 8. c5 Qa6 9. Nc3 Be7 10. h3 Bh5 11. Re1 b6 12. cxb6 axb6 13. Ne5 Nxe5 14. dxe5 Nd7 15. f4 O-O 16. e4 Nc5 17. Qc2 Qd3 18. Qf2 Nb3 19. Bf1 Qf3 20. axb3 Rxa1 21. g4 Bc5 22. Be3 Qxf2+ 23. Kxf2 Rxe1 24. Bxc5 Rxf1+ 25. Kxf1 bxc5 26. Na4 Bxg4 27. hxg4 Rb8 28. Nxc5 Rb5 29. b4 Rxb4 30. exd5 Rxf4+ 31. Ke2 exd5 0-1


[Site "https://www.chess.com"]

[Event "Titled Tuesday Blitz August 08 Late 2023"]
[White "Goltsev, Dmitry"]
[Black "Mickiewicz, Piotr"]
[WhiteFideId "24176710"]
[BlackFideId "1114891"]
[WhiteElo "2626"]
[BlackElo "2496"]
[Result "1-0"]
[Round "6"]
[TimeControl "180+1"]
[Date "2023.08.08"]
[WhiteClock "0:00:06"]
[BlackClock "0:00:01"]
[Board "81"]

1. e4 c5 2. Nf3 d6 3. d4 cxd4 4. Nxd4 Nf6 5. Nc3 a6 6. Be2 e6 7. O-O Be7 8. f4 Qc7 9. Be3 b5 10. Bf3 Bb7 11. a3 Nbd7 12. Re1 Rc8 13. Bf2 Qb8 14. Qd2 O-O 15. g4 Nb6 16. b3 Nfd7 17. f5 e5 18. Nde2 Qa8 19. g5 Rfe8 20. Kh1 Bf8 21. g6 Nf6 22. Bxb6 Nxe4 23. Nxe4 Bxe4 24. gxf7+ Kxf7 25. Bxe4 Qxe4+ 26. Kg1 Rxc2 27. Ng3 Qc6 28. Qf2 Rxf2 29. Bxf2 d5 30. Rac1 Qb7 31. b4 Bd6 32. Nh5 Rc8 33. Rcd1 Rc2 34. Rd3 d4 35. Ng3 Qc6 36. Ne4 Be7 37. Rdd1 Qc4 38. Bg3 Qd5 39. Bxe5 d3 40. Bg3 h5 41. Re3 h4 42. Rdxd3 Qc4 43. Bf2 Rc1+ 44. Kg2 Qc2 45. Rd2 Qb1 46. Nc3 Rxc3 47. Rxc3 Qe4+ 48. Kg1 h3 49. Bd4 Qg4+ 50. Rg3 Qe4 51. Be3 Bf6 52. Rxh3 Ke8 53. Rg3 Kf7 54. Kf2 Qb1 55. Kg2 Qxf5 56. Rf3 Qe4 57. Bf2 a5 58. Rd7+ Ke6 59. Rd3 axb4 60. Re3 Qxe3 61. Rxe3+ Kd5 62. axb4 Bd4 63. Rd3 Kc4 64. Rxd4+ Kc3 65. Rg4 1-0


[Site "https://www.chess.com"]

[Event "Titled Tuesday Blitz August 08 Late 2023"]
[White "Osmak, Yuliia"]
[Black "Schwabeneder, Florian"]
[WhiteFideId "14101602"]
[BlackFideId "1626191"]
[WhiteElo "2490"]
[BlackElo "2611"]
[Result "0-1"]
[Round "6"]
[TimeControl "180+1"]
[Date "2023.08.08"]
[WhiteClock "0:00:00"]
[BlackClock "0:01:15"]
[Board "82"]

1. e4 c5 2. Nf3 d6 3. d4 cxd4 4. Nxd4 Nf6 5. Nc3 Nc6 6. Bg5 e6 7. Qd2 a6 8. O-O-O Qb6 9. Nb3 Be7 10. f3 Qc7 11. h4 b5 12. h5 h6 13. Be3 Ne5 14. Kb1 Rb8 15. Qf2 Bd7 16. g4 b4 17. Ne2 a5 18. Nbc1 a4 19. Nd4 a3 20. g5 hxg5 21. Bxg5 Rxh5 22. Rxh5 Nxh5 23. Bxe7 Kxe7 24. Qh4+ Nf6 25. f4 Ng6 26. Qg5 Qc5 27. Qxc5 dxc5 28. Nde2 Nxe4 29. Bg2 Nd6 30. Nb3 Bb5 31. Nec1 Nxf4 32. Bf3 axb2 33. Kxb2 c4 34. Nd4 c3+ 35. Kb1 Bd7 36. Ncb3 e5 37. Nc6+ Bxc6 38. Bxc6 f5 39. Re1 e4 40. Rg1 g6 41. Nd4 Kf6 0-1


[Site "https://www.chess.com"]

[Event "Titled Tuesday Blitz August 08 Late 2023"]
[White "Delorme, Axel"]
[Black "Erzhanov, Arman"]
[WhiteFideId "632023"]
[BlackFideId "4138821"]
[WhiteElo "2465"]
[BlackElo "2608"]
[Result "1-0"]
[Round "6"]
[TimeControl "180+1"]
[Date "2023.08.08"]
[WhiteClock "0:01:00"]
[BlackClock "0:01:01"]
[Board "83"]

1. e4 d6 2. d4 Nf6 3. Nc3 c6 4. Be3 e5 5. Nf3 Nbd7 6. h3 b5 7. Bd3 b4 8. Ne2 Be7 9. O-O O-O 10. c3 a5 11. a3 bxc3 12. bxc3 Re8 13. a4 Qc7 14. Rb1 Bf8 15. Ng3 g6 16. Qb3 h5 17. Ng5 Re7 18. f4 Bg7 19. fxe5 dxe5 20. Bc4 Nb6 21. Qxb6 Qxb6 22. Rxb6 h4 23. Ne2 Be6 24. Bxe6 fxe6 25. dxe5 Nd7 26. Rxc6 Nxe5 27. Rxe6 Rxe6 28. Nxe6 Bh8 29. Bd4 Re8 30. N2f4 Bf6 31. Nd5 Bh8 32. Nec7 Rc8 33. Ne7+ 1-0


[Site "https://www.chess.com"]

[Event "Titled Tuesday Blitz August 08 Late 2023"]
[White "Prithu Gupta"]
[Black "Di Berardino, Diego Rafael"]
[WhiteFideId "46618546"]
[BlackFideId "2105446"]
[WhiteElo "2454"]
[BlackElo "2607"]
[Result "1-0"]
[Round "6"]
[TimeControl "180+1"]
[Date "2023.08.08"]
[WhiteClock "0:00:09"]
[BlackClock "0:00:00"]
[Board "84"]

1. c4 g6 2. Nc3 Bg7 3. g3 c5 4. Bg2 Nc6 5. e4 e6 6. Nge2 Nge7 7. O-O d6 8. d3 O-O 9. Be3 Nd4 10. Rb1 b6 11. b4 Bb7 12. f4 Qd7 13. Qd2 Rad8 14. b5 d5 15. e5 dxc4 16. dxc4 Bxg2 17. Kxg2 Qb7+ 18. Kh3 Nef5 19. Bg1 f6 20. exf6 Bxf6 21. Nxd4 cxd4 22. Nd1 Qe4 23. Nf2 Qe3 24. Qxe3 dxe3 25. Ng4 Bd4 26. Rfe1 Rc8 27. Rbc1 Rfd8 28. Nxe3 Bxe3 29. Bxe3 Rd3 30. Bg1 Rd2 31. c5 bxc5 32. Rxe6 c4 33. Bxa7 Rxa2 34. b6 Rb2 35. Re4 c3 36. g4 Nd6 37. Re3 Nb7 38. Rexc3 Rd8 39. Rc8 1-0


[Site "https://www.chess.com"]

[Event "Titled Tuesday Blitz August 08 Late 2023"]
[White "Swicarz, Maciej"]
[Black "Ozates, Tuna"]
[WhiteFideId "1113585"]
[BlackFideId "6354521"]
[WhiteElo "2439"]
[BlackElo "2607"]
[Result "0-1"]
[Round "6"]
[TimeControl "180+1"]
[Date "2023.08.08"]
[WhiteClock "0:01:15"]
[BlackClock "0:01:46"]
[Board "85"]

1. c4 e6 2. Nc3 d5 3. d4 Nf6 4. Bg5 Nbd7 5. e3 c6 6. cxd5 exd5 7. Bd3 a6 8. Nge2 Bd6 9. Bf4 Qc7 10. O-O h6 11. Qc2 O-O 12. Rfc1 Re8 13. Rab1 Nf8 14. b4 Ne6 15. Bg3 Ng5 16. b5 Bxg3 17. Nxg3 axb5 18. Nxb5 Qe7 19. Nc3 g6 20. Rb3 Kg7 21. Rcb1 h5 22. Nge2 h4 23. h3 Bxh3 24. gxh3 Nxh3+ 25. Kf1 Nxf2 26. Kxf2 Qxe3+ 27. Ke1 h3 28. Qd2 Qg1# 0-1


[Site "https://www.chess.com"]

[Event "Titled Tuesday Blitz August 08 Late 2023"]
[White "Nilsen, Tobias Lang"]
[Black "Altman, Joshua"]
[WhiteFideId "1521624"]
[BlackFideId "426210"]
[WhiteElo "2433"]
[BlackElo "2593"]
[Result "1-0"]
[Round "6"]
[TimeControl "180+1"]
[Date "2023.08.08"]
[WhiteClock "0:01:23"]
[BlackClock "0:00:03"]
[Board "86"]

1. e4 e6 2. d4 d5 3. Nc3 Nf6 4. e5 Nfd7 5. f4 c5 6. Nf3 Nc6 7. Be3 a6 8. a3 b5 9. Qd2 Qa5 10. dxc5 Bxc5 11. Nd4 Nxd4 12. Bxd4 Bxd4 13. Qxd4 Rb8 14. Bd3 b4 15. Ne2 bxa3+ 16. Kf2 Qc5 17. Rxa3 Rxb2 18. Rc3 Qxd4+ 19. Nxd4 O-O 20. Ra1 Nb6 21. Nc6 Bb7 22. Ne7+ Kh8 23. Rc7 Nc8 24. Nc6 Bxc6 25. Rxc6 Ne7 26. Rc7 Ng6 27. g3 h6 28. Rxa6 f6 29. Bxg6 fxe5 30. Rxe6 exf4 31. Re8 fxg3+ 32. Kxg3 Rxe8 33. Bxe8 Kh7 34. Bf7 d4 35. Bc4 h5 36. Bd3+ Kh6 37. Rc6+ g6 38. Rxg6+ Kh7 39. Rb6+ 1-0


[Site "https://www.chess.com"]

[Event "Titled Tuesday Blitz August 08 Late 2023"]
[White "Ingunza Curro, Andres"]
[Black "Pert, Richard G"]
[WhiteFideId "24526371"]
[BlackFideId "404748"]
[WhiteElo "2438"]
[BlackElo "2586"]
[Result "0-1"]
[Round "6"]
[TimeControl "180+1"]
[Date "2023.08.08"]
[WhiteClock "0:00:09"]
[BlackClock "0:00:31"]
[Board "87"]

1. d4 Nf6 2. Nf3 c5 3. dxc5 e6 4. a3 Bxc5 5. b4 Bb6 6. e3 d5 7. Bb2 O-O 8. Nbd2 a5 9. c4 axb4 10. axb4 Rxa1 11. Qxa1 Qe7 12. c5 Bc7 13. Bd3 Nc6 14. Qa3 e5 15. b5 e4 16. bxc6 bxc6 17. Be2 exf3 18. Nxf3 Ne4 19. Bd4 Bg4 20. Qa1 Rb8 21. O-O Bxf3 22. Bxf3 Nd2 23. Rd1 Nxf3+ 24. gxf3 Qg5+ 25. Kf1 h5 26. Ke2 f6 27. Qa7 Rc8 28. Qb7 Qf5 29. Qxc6 Qc2+ 30. Rd2 Qxd2+ 31. Kxd2 Ba5+ 0-1


[Site "https://www.chess.com"]

[Event "Titled Tuesday Blitz August 08 Late 2023"]
[White "Bogaudinov, Rushan"]
[Black "Vlassov, Nikolai"]
[WhiteFideId "4129288"]
[BlackFideId "4103360"]
[WhiteElo "2431"]
[BlackElo "2583"]
[Result "1/2-1/2"]
[Round "6"]
[TimeControl "180+1"]
[Date "2023.08.08"]
[WhiteClock "0:00:14"]
[BlackClock "0:01:08"]
[Board "88"]

1. e4 Nc6 2. Nf3 d5 3. exd5 Qxd5 4. Nc3 Qa5 5. d4 Bg4 6. Be2 O-O-O 7. Be3 Nf6 8. h3 Bxf3 9. Bxf3 Nxd4 10. Bxd4 Qb4 11. O-O Rxd4 12. Qc1 e6 13. a3 Qb6 14. a4 Bb4 15. Ne2 Bd2 16. Qb1 Rd6 17. c3 Rhd8 18. a5 Qc5 19. a6 bxa6 20. Nd4 Bf4 21. Qa2 h5 22. Rfd1 g5 23. Nb3 Qb6 24. Rxd6 Rxd6 25. Nd4 g4 26. hxg4 hxg4 27. Be2 g3 28. Qxa6+ Qxa6 29. Bxa6+ Kb8 30. Ra4 gxf2+ 31. Kxf2 Ne4+ 32. Kf3 Nc5 33. Rb4+ Rb6 34. Rxb6+ cxb6 35. Bb5 Bc1 36. b4 Nb7 37. Nc6+ Kc7 38. Nxa7 Bd2 39. Be8 Nd6 40. Nb5+ Nxb5 41. Bxb5 Bxc3 42. Be8 f5 43. b5 Kd6 44. g4 fxg4+ 45. Kxg4 Ke5 46. Kf3 Kd4 47. Ke2 e5 48. Bd7 e4 49. Be8 Bb4 50. Bd7 Bd6 51. Be8 Bf4 52. Bc6 1/2-1/2


[Site "https://www.chess.com"]

[Event "Titled Tuesday Blitz August 08 Late 2023"]
[White "Deng, Henry"]
[Black "littlepinkyboy"]
[WhiteFideId "30965454"]
[WhiteElo "2577"]
[BlackElo "2413"]
[Result "1/2-1/2"]
[Round "6"]
[TimeControl "180+1"]
[Date "2023.08.08"]
[WhiteClock "0:01:15"]
[BlackClock "0:00:03"]
[Board "89"]

1. b3 Nf6 2. Bb2 g6 3. Nf3 Bg7 4. c4 O-O 5. Nc3 c6 6. e3 d5 7. Be2 Nbd7 8. O-O b6 9. d4 Bb7 10. Bd3 Re8 11. Qe2 c5 12. cxd5 Nxd5 13. Nxd5 Bxd5 14. Rad1 Qc7 15. dxc5 Nxc5 16. Bb5 Bxf3 17. gxf3 Red8 18. Bxg7 Kxg7 19. Kg2 Rxd1 20. Rxd1 Rd8 21. Qb2+ Kg8 22. Rxd8+ Qxd8 23. Bc4 Qd6 24. b4 Nd3 25. Bxd3 Qxd3 26. Qe5 Qd7 27. a3 f6 28. Qe4 Kg7 29. Qa8 e5 30. Qe4 Kf7 31. Qc4+ Kg7 32. Qa6 Qc7 33. Qa4 Kf7 34. Qb3+ Kg7 35. Qe6 Qd8 36. h3 Qc7 37. Qd5 Qe7 38. Qe4 Kh6 39. f4 Qd6 40. fxe5 fxe5 41. Qb7 Qe6 42. Qxa7 Qd5+ 43. Kg3 Qh1 44. Qxb6 Qg1+ 45. Kf3 Qh1+ 46. Ke2 Qxh3 47. Qf6 Qg4+ 48. Ke1 Qg1+ 49. Kd2 Qa1 50. b5 Qb2+ 51. Ke1 Qxb5 52. Qh4+ Kg7 53. Qe7+ Kh6 54. Qd6 Qa5+ 55. Kf1 Qb5+ 56. Kg1 Kg5 57. Qe7+ Kh6 58. Qh4+ Kg7 59. a4 Qb1+ 60. Kh2 Qb7 61. a5 Qa7 62. Qb4 Kh6 63. Qb6 Qf7 64. Kg2 Qd5+ 65. Kg1 Qd1+ 66. Kh2 Qh5+ 67. Kg3 Qg5+ 68. Kf3 Qf5+ 69. Ke2 Qc2+ 70. Kf1 Qd1+ 71. Kg2 Qg4+ 72. Kh2 Qh5+ 73. Kg3 Qg5+ 74. Kh3 Qh5+ 75. Kg3 1/2-1/2


[Site "https://www.chess.com"]

[Event "Titled Tuesday Blitz August 08 Late 2023"]
[White "Pinto, Daniel"]
[Black "Adan Bermudez, Sergio"]
[WhiteFideId "3303144"]
[BlackFideId "2292726"]
[WhiteElo "2411"]
[BlackElo "2570"]
[Result "1-0"]
[Round "6"]
[TimeControl "180+1"]
[Date "2023.08.08"]
[WhiteClock "0:00:07"]
[BlackClock "0:00:00"]
[Board "90"]

1. e4 d6 2. d4 Nf6 3. Nc3 e5 4. Nf3 Nbd7 5. Bc4 h6 6. O-O Be7 7. a4 c6 8. a5 Qc7 9. Qe2 Nf8 10. dxe5 dxe5 11. Nh4 g6 12. f4 Ng4 13. f5 Bxh4 14. Qxg4 Qe7 15. Qe2 gxf5 16. exf5 Nd7 17. Be3 Bg5 18. Ne4 Bxe3+ 19. Qxe3 Nf6 20. Nxf6+ Qxf6 21. Rae1 Kf8 22. Qc5+ Kg7 23. Rxe5 Bd7 24. Re7 b6 25. Qe3 Be8 26. c3 Rd8 27. Re1 bxa5 28. Qg3+ Kf8 29. Qc7 Rg8 30. Qxd8 1-0


[Site "https://www.chess.com"]

[Event "Titled Tuesday Blitz August 08 Late 2023"]
[White "Graif, William"]
[Black "Leschinsky, Gary"]
[WhiteFideId "2609835"]
[BlackFideId "30951321"]
[WhiteElo "2562"]
[BlackElo "2380"]
[Result "1-0"]
[Round "6"]
[TimeControl "180+1"]
[Date "2023.08.08"]
[WhiteClock "0:00:18"]
[BlackClock "0:01:17"]
[Board "91"]

1. e4 c5 2. Nc3 e6 3. Nge2 Nc6 4. g3 g6 5. d4 cxd4 6. Nxd4 Nge7 7. Ndb5 d5 8. exd5 Nxd5 9. Nxd5 exd5 10. Bf4 Bb4+ 11. c3 Ba5 12. Nd6+ Kf8 13. Qxd5 Be6 14. Qc5 Bb6 15. Qa3 Qe7 16. Bh6+ Kg8 17. Ne4 f5 18. Qxe7 Nxe7 19. Ng5 Bd5 20. O-O-O Rc8 21. Rxd5 Nxd5 22. Bg2 Nf6 23. Re1 Bc5 24. Re6 Ng4 25. Rxg6+ hxg6 26. Bd5# 1-0


[Site "https://www.chess.com"]

[Event "Titled Tuesday Blitz August 08 Late 2023"]
[White "Rabiega, Robert"]
[Black "Shapiro, Viktor"]
[WhiteFideId "4601475"]
[BlackFideId "4175700"]
[WhiteElo "2364"]
[BlackElo "2561"]
[Result "1-0"]
[Round "6"]
[TimeControl "180+1"]
[Date "2023.08.08"]
[WhiteClock "0:00:10"]
[BlackClock "0:00:06"]
[Board "92"]

1. e4 Nf6 2. e5 Nd5 3. d4 d6 4. exd6 cxd6 5. Nf3 Bg4 6. Be2 e6 7. O-O Be7 8. h3 Bh5 9. c4 Nb6 10. b3 O-O 11. Bb2 d5 12. c5 Bxf3 13. Bxf3 Nc8 14. b4 Nc6 15. b5 Na5 16. Nd2 Bf6 17. Re1 Ne7 18. a4 Nf5 19. Nf1 Rc8 20. Ne3 Nxe3 21. fxe3 Nc4 22. Bc3 b6 23. c6 Bg5 24. Qd3 f5 25. Bd1 Rf6 26. Bb3 Nd6 27. a5 Ne4 28. axb6 axb6 29. Ra7 Bh4 30. Rf1 Rg6 31. Bb4 Qg5 32. Ra2 Qg3 33. Be1 Qg5 34. Bd1 Bg3 35. Bf3 Bd6 36. Ra6 Bc7 37. Ra7 Qd8 38. Bxe4 fxe4 39. Qe2 Qd6 40. g3 Rxg3+ 41. Bxg3 Qxg3+ 42. Qg2 Qxe3+ 43. Kh1 Qxd4 44. Rg1 e3 45. Qg4 Qxg4 46. Rxg4 Be5 47. Kg2 d4 48. Kf3 h5 49. Re4 Bf6 50. Rxe6 Rf8 51. Ke2 Rd8 52. Kd3 Rd5 53. c7 Rc5 54. Rxb6 Kh7 55. Rc6 1-0


[Site "https://www.chess.com"]

[Event "Titled Tuesday Blitz August 08 Late 2023"]
[White "Hajiyev, Kanan"]
[Black "Kukavica, Tony"]
[WhiteFideId "13404148"]
[BlackFideId "2062542"]
[WhiteElo "2556"]
[BlackElo "2340"]
[Result "1-0"]
[Round "6"]
[TimeControl "180+1"]
[Date "2023.08.08"]
[WhiteClock "0:00:30"]
[BlackClock "0:00:02"]
[Board "93"]

1. d4 d5 2. c4 e6 3. cxd5 exd5 4. Nc3 Nf6 5. Qc2 c6 6. Bg5 Be7 7. e3 O-O 8. Bd3 Nbd7 9. Nge2 Re8 10. O-O h6 11. Bf4 Nh5 12. Nxd5 Nxf4 13. Ndxf4 Bd6 14. e4 Qg5 15. e5 Bb8 16. g3 c5 17. h4 Qg4 18. Bh7+ Kh8 19. Bf5 Qf3 20. Be4 Qg4 21. f3 Nxe5 22. fxg4 Nxg4 23. dxc5 Be5 24. Rf3 Bd7 25. Rd1 Bb5 26. b4 Rad8 27. Rxd8 Rxd8 28. Bf5 Nf6 29. Re3 Ba1 30. Qb1 Bd4 31. Nxd4 Rxd4 32. Qb3 Bc6 33. Qxf7 Rd1+ 34. Kf2 g5 35. Qxf6+ Kg8 36. Be6+ Kh7 37. Qf7+ Kh8 38. Ng6# 1-0


[Site "https://www.chess.com"]

[Event "Titled Tuesday Blitz August 08 Late 2023"]
[White "Santos Flores, Alberto"]
[Black "ElDivis"]
[WhiteFideId "3601234"]
[WhiteElo "2547"]
[BlackElo "2517"]
[Result "1/2-1/2"]
[Round "6"]
[TimeControl "180+1"]
[Date "2023.08.08"]
[WhiteClock "0:01:02"]
[BlackClock "0:01:35"]
[Board "94"]

1. e4 c5 2. Nf3 d6 3. Bb5+ Bd7 4. Bxd7+ Qxd7 5. c4 Nc6 6. d4 cxd4 7. Nxd4 Nf6 8. Nc3 g6 9. f3 Bg7 10. Be3 O-O 11. Rc1 a6 12. b3 Nxd4 13. Bxd4 b5 14. Nd5 Nxd5 15. cxd5 Rfc8 16. Bxg7 Kxg7 17. Qd4+ f6 18. O-O Rxc1 19. Rxc1 Qa7 20. Qxa7 Rxa7 21. Kf2 f5 22. exf5 gxf5 23. f4 Kf6 24. Rc6 a5 25. Ke3 b4 26. g3 a4 27. Rb6 axb3 28. axb3 Ra5 29. Kd4 Ra2 30. Rxb4 Rxh2 31. Ke3 h5 32. Rb8 h4 33. gxh4 Rh3+ 34. Kd4 Rxh4 35. Ke3 Rh3+ 36. Ke2 Rh2+ 37. Ke3 Rh3+ 38. Ke2 Rh4 39. Ke3 Rh3+ 1/2-1/2


[Site "https://www.chess.com"]

[Event "Titled Tuesday Blitz August 08 Late 2023"]
[White "Kohler, Aran"]
[Black "Perske, Thore"]
[WhiteFideId "1002856"]
[BlackFideId "12902195"]
[WhiteElo "2272"]
[BlackElo "2532"]
[Result "0-1"]
[Round "6"]
[TimeControl "180+1"]
[Date "2023.08.08"]
[WhiteClock "0:00:00"]
[BlackClock "0:00:17"]
[Board "95"]

1. d4 d5 2. Bf4 c5 3. e3 Nc6 4. c3 Nf6 5. Bd3 e6 6. Nd2 cxd4 7. exd4 Be7 8. Ngf3 Nh5 9. Bg3 Nxg3 10. hxg3 h6 11. Qe2 Bd7 12. O-O-O a6 13. Kb1 b5 14. Ne5 Nxe5 15. dxe5 Qb6 16. f4 a5 17. g4 Bc6 18. f5 b4 19. c4 a4 20. fxe6 fxe6 21. Bg6+ Kd7 22. cxd5 Bxd5 23. Ne4 Rhc8 24. Rhf1 b3 25. a3 Rc2 26. Nf6+ gxf6 27. Bxc2 bxc2+ 28. Qxc2 fxe5 29. Rf7 Qb5 30. Qd3 Qxd3+ 31. Rxd3 Ke8 0-1


[Site "https://www.chess.com"]

[Event "Titled Tuesday Blitz August 08 Late 2023"]
[White "Sailer, Mike"]
[Black "The_Straightforward_Rook"]
[WhiteFideId "2012901"]
[WhiteElo "2211"]
[BlackElo "2293"]
[Result "1/2-1/2"]
[Round "6"]
[TimeControl "180+1"]
[Date "2023.08.08"]
[WhiteClock "0:00:07"]
[BlackClock "0:00:15"]
[Board "96"]

1. d4 Nf6 2. Nc3 d5 3. Bf4 e6 4. Nb5 Na6 5. e3 Be7 6. Nf3 O-O 7. Bd3 c6 8. Nc3 c5 9. O-O Bd7 10. Bxa6 bxa6 11. dxc5 Bxc5 12. Ne5 Bb5 13. Re1 h6 14. h3 Bd6 15. a4 Be8 16. Ne2 Qc7 17. Nd3 e5 18. Bh2 Ne4 19. c3 Bc6 20. Ng3 Nxg3 21. Bxg3 a5 22. Qh5 Rfe8 23. f4 e4 24. Ne5 Bxe5 25. fxe5 Re6 26. Qd1 Rb8 27. Re2 Qb6 28. Be1 Qd8 29. b4 axb4 30. cxb4 Qg5 31. b5 Bb7 32. Bc3 a6 33. Bd4 axb5 34. axb5 Bc8 35. b6 Kh7 36. Ra7 Rg6 37. Kh1 Qh4 38. Qf1 Be6 39. Rb2 Rg3 40. Raa2 Rc8 41. Rc2 Rxc2 42. Rxc2 Bxh3 43. gxh3 Rxh3+ 44. Kg1 Rh1+ 45. Kg2 Rxf1 46. Kxf1 Qh3+ 47. Ke2 Qg2+ 48. Kd1 Qf1+ 49. Kd2 Qd3+ 50. Kc1 Qf1+ 51. Kd2 Qd3+ 52. Kc1 Qf1+ 53. Kd2 1/2-1/2


[Site "https://www.chess.com"]

[Event "Titled Tuesday Blitz August 08 Late 2023"]
[White "Ventura Bolet, Maxim"]
[Black "Harshavardhan G B"]
[WhiteFideId "22238824"]
[BlackFideId "25059009"]
[WhiteElo "2391"]
[BlackElo "2817"]
[Result "0-1"]
[Round "6"]
[TimeControl "180+1"]
[Date "2023.08.08"]
[WhiteClock "0:00:41"]
[BlackClock "0:01:12"]
[Board "97"]

1. e4 e6 2. Nf3 d5 3. e5 c5 4. b4 cxb4 5. a3 Nc6 6. axb4 Bxb4 7. c3 Be7 8. d4 f6 9. Bd3 fxe5 10. dxe5 Nh6 11. Bxh6 gxh6 12. Qd2 Bg5 13. Qe2 O-O 14. h4 Be7 15. Qe3 Kg7 16. Rh3 Rxf3 17. Qxf3 Nxe5 18. Qg3+ Ng6 19. h5 Bd6 20. f4 Bxf4 21. Qf3 e5 22. hxg6 Bxh3 23. Qxh3 hxg6 24. Qg4 Qf6 25. Nd2 e4 26. Be2 Qxc3 27. Qd7+ Kh8 28. Rd1 Bxd2+ 29. Kf1 Rf8+ 30. Kg1 Qe3+ 31. Kh1 Qxe2 0-1


[Site "https://www.chess.com"]